 Dungeon Crawl Stone Soup version 0.29.1-2-gbd0b4ee654 (webtiles) character file.

Game seed: 9640588093624823719

217 styxcanada the Covert (level 5, -2/27 HPs)
             Began as a Spriggan Brigand on Nov 18, 2022.
             Killed by nerve-wracking pain
             ... invoked by Grinder
              (4 damage)
             ... on level 3 of the Dungeon.
             The game lasted 00:09:56 (2998 turns).

styxcanada the Covert (Spriggan Brigand)            Turns: 2998, Time: 00:09:57

Health: -2/27      AC:  7    Str:  7    XL:     5   Next: 61%
Magic:  6/6        EV: 18    Int: 12    God:
Gold:   237        SH:  0    Dex: 19    Spells: 4/4 levels left

rFire   . . .      SeeInvis +   m - +2 dagger (flame)
rCold   . . .      Faith    .   (no shield)
rNeg    . . .      Spirit   .   b - +0 robe
rPois   .          Reflect  .   (helmet restricted)
rElec   .          Harm     .   c - +0 cloak
rCorr   .          Rampage  .   (gloves unavailable)
Will    .....                   (boots unavailable)
Stlth   ++++......              (no amulet)
HPRegen 0.09/turn               p - +4 ring of protection
MPRegen 0.10/turn               (no ring)

@: mighty, very quick
A: very small, no large weapons, unfitting armour, see invisible, speed 3
a: no special abilities


You were on level 3 of the Dungeon.
You visited 1 branch of the dungeon, and saw 3 of its levels.

You collected 237 gold pieces.

Inventory:

Hand Weapons
 a - a +2 dagger
 m - a +2 dagger of flaming (weapon)
 o - a +0 sling
Missiles
 i - 20 stones
 s - 3 boomerangs (quivered)
Armour
 b - a +0 robe (worn)
 c - a +0 cloak (worn)
Jewellery
 n - an amulet of faith
 p - a +4 ring of protection (left hand)
Scrolls
 h - 2 scrolls of identify
 k - a scroll of teleportation
 l - 2 scrolls of enchant armour {unknown}
Potions
 g - a potion of attraction {unknown}
 j - a potion of might
 q - 2 potions of curing {unknown}
 r - a potion of haste {unknown}


   Skills:
 * Level 2.3 Fighting
 + Level 2.9 Short Blades
 + Level 2.4 Throwing
 * Level 2.9 Dodging
 * Level 8.8 Stealth


You had 4 spell levels left.
You didn't know any spells.
Your spell library contained the following spells:

 Spells                   Type           Power      Damage    Failure   Level
 Summon Guardian Golem    Hex/Summ       0%         N/A       69%         3
 Orb of Destruction       Conj           0%         9d5       100%        7
 Spellforged Servitor     Conj/Summ      0%         N/A       100%        7


Dungeon Overview and Level Annotations

Branches:
Dungeon (3/15)

Altars:
Uskayaw

Annotations:
D:3 Grinder


Innate Abilities, Weirdness & Mutations

You are very small and have problems with some larger weapons.
You are too small for most types of armour.
You have supernaturally acute eyesight. (SInv)
You cover ground extremely quickly. (Speed+++)


Message History

Beogh smites you!
* * * LOW HITPOINT WARNING * * *
Grinder gestures at you.
You shrug off the repeated paralysis!
You feel much better. Grinder barely misses you.
The orc shouts!
You hit Grinder. You burn Grinder.
Grinder is heavily wounded.
Grinder hits you.
You writhe in agony.
You hit Grinder. You burn Grinder.
Grinder is heavily wounded.
You barely miss Grinder.
Grinder is heavily wounded.
The orc priest looks encouraged for a moment.
Grinder hits you.
You writhe in agony.
You barely miss Grinder.
Grinder is heavily wounded.
Grinder blinks!
You hit Grinder but do no damage.
Grinder is heavily wounded.
Grinder drinks a potion.
Grinder is healed!
You hit Grinder. You burn Grinder.
Grinder is lightly wounded.
The orc priest calls down the wrath of Beogh upon you.
Beogh smites you!
* * * LOW HITPOINT WARNING * * *
Grinder zaps a wand.
You easily resist.
You hit Grinder. You burn Grinder.
Grinder is moderately wounded.
The orc priest hits you with a +0 mace.
* * * LOW HITPOINT WARNING * * *
Grinder hits you but does no damage. Grinder barely misses you.
Unknown command.
You feel very mighty all of a sudden. The orc priest closely misses you.
Grinder gestures at you. Pain shoots through your body!
You die...

.##...........†..#
....####...#####......
...#####...#####......
<...#............#.#.#
...[..###(#(.....#.# #
........#..(.......#
....###...#.(.)...##.
.........###......#.. ........##
#.(.5@.#.# .....#...###...oo.#.#
..##..#........o..#.#
...........#.......(#
.#####.##..........## .#
#...#.....#...###
.#######.............###
.............#######...# ########
##..........###.⌠.###..###......#


You could see Grinder, an orc priest and 2 orcs.

Vanquished Creatures
  Sigmund (D:3)
  A worm (D:3)
  A dart slug (D:1)
  2 orcs (D:3)
  7 ball pythons
  4 bats
  6 endoplasms
  3 giant cockroaches
  6 goblins
  2 hobgoblins (D:1)
  3 jackals (D:1)
  3 frilled lizards
  4 kobolds
  6 rats
49 creatures vanquished.

Notes
Turn   | Place    | Note
-------+----------+-------------------------------------------
     0 | D:1      | styxcanada the Spriggan Brigand began the quest for the
                  | Orb.
     0 | D:1      | Reached XP level 1. HP: 10/10 MP: 2/2
     1 | D:1      | Noticed an electric eel
    47 | D:1      | Reached skill level 6 in Stealth
   462 | D:1      | Reached XP level 2. HP: 4/14 MP: 3/3
  1138 | D:1      | Reached skill level 7 in Stealth
  1170 | D:1      | Reached XP level 3. HP: 18/18 MP: 4/4
  1553 | D:2      | Found a hide-covered altar of Uskayaw.
  1725 | D:2      | Found a faded altar of an unknown god.
  2462 | D:3      | Noticed Sigmund
  2486 | D:3      | Killed Sigmund
  2487 | D:3      | Reached skill level 8 in Stealth
  2487 | D:3      | Reached XP level 4. HP: 23/23 MP: 5/5
  2487 | D:3      | Reached XP level 5. HP: 26/26 MP: 6/6
  2744 | D:3      | Noticed Grinder
  2964 | D:3      | Paralysed by Grinder for 2 turns
  2977 | D:3      | Paralysed by Grinder for 4 turns
  2998 | D:3      | Killed from afar by Grinder

Illustrated notes

Levels and vault maps discovered:
D:1:      arrival_aquarium_a, layout_rooms, dreamdust_wishing_well
D:2:      layout_basic, hellmonk_ecumenical_altar_zigzags, basic_altar
D:3:      cheibrodos_pilgrimage, layout_rooms, gammafunk_temple_overflow_statue,
          guppyfry_early_orc_mine, uniq_ijyb, uniq_sigmund, uniq_grinder

Skill      XL: |  1  2  3 |
---------------+----------+-----
Stealth        | 6 7 8 |  8.8
Dodging        | 2 |  2.9
Fighting       | 2 |  2.3
Short Blades   | |  2.9
Throwing       | |  2.4

Action                   |  1- 3 |  4- 6 || total
-------------------------+-------+-------++-------
Melee: Dagger            |    86 |    25 ||   111
       Punch             |     1 |       ||     1
Throw: Dart              |    13 |    15 ||    28
       Stone             |       |     2 ||     2
       Boomerang         |       |     2 ||     2
  Use: Scroll            |     6 |       ||     6
       Potion            |       |     2 ||     2
 Stab: Sleeping          |     6 |     4 ||    10
       Distracted        |     1 |       ||     1
Armor: Robe              |     8 |     3 ||    11
       Skin              |       |     2 ||     2
Dodge: Dodged            |    52 |    15 ||    67
